 Dungeon Crawl Stone Soup version 0.29-a0-2-g12fcac58f8 (webtiles) character file.

Game seed: 15469696946583950033

317 ragingrage the Charlatan (level 6, -1/37 HPs)
             Began as a Gargoyle Artificer on Jan 26, 2022.
             Slain by an iron imp (3 damage)
             ... summoned by Eustachio
             ... on level 3 of the Dungeon.
             The game lasted 00:04:54 (4282 turns).

ragingrage the Charlatan (Gargoyle Artificer)       Turns: 4282, Time: 00:04:55

Health: -1/37      AC: 13    Str: 17      XL:     6   Next: 45%
Magic:  6/6        EV:  8    Int: 12      God:
Gold:   280        SH:  8    Dex:  9 (10) Spells: 5/5 levels left

rFire   + + .      SeeInvis .   p - +2 falchion (protect)
rCold   + + .      Faith    .   t - +2 shield of Resistance {rF++ rC++ Will++}
rNeg    + + .      Spirit   .   m - +4 ring mail
rPois   ∞          Reflect  .   (no helmet)
rElec   +          Harm     .   (no cloak)
rCorr   .          Rampage  .   (no gloves)
Will    ++...                   (no boots)
Stlth   +.........              (no amulet)
HPRegen 0.12/turn               f - ring of positive energy
MPRegen 0.10/turn               (no ring)

@: no status effects
A: sickness immunity, AC +4, negative energy resistance 1, electricity
resistance, torment resistance 1, petrification resistance
a: no special abilities


You were on level 3 of the Dungeon.
You visited 1 branch of the dungeon, and saw 4 of its levels.
You also visited: Sewer.

You collected 280 gold pieces.

Inventory:

Hand Weapons
 a - a +0 hand axe
 b - a +0 hunting sling
 p - a +2 falchion of protection (weapon)
Missiles
 l - 77 stones
 u - a poisoned dart (quivered)
Armour
 m - a +4 ring mail (worn)
 t - the +2 shield of Resistance (worn) {rF++ rC++ Will++}
   (You found it in a sewer)

   rF:        It greatly protects you from fire.
   rC:        It greatly protects you from cold.
   Will:      It greatly increases your willpower.
Jewellery
 f - a ring of positive energy (left hand)
 r - a ring of positive energy
Wands
 c - a wand of flame (10)
 d - a wand of charming (15)
Scrolls
 i - a scroll of noise {unknown}
 j - a scroll of brand weapon {unknown}
 k - a scroll of summoning {unknown}
 n - 5 scrolls of identify {unknown}
 o - a scroll of magic mapping {unknown}
 s - 3 scrolls of teleportation {unknown}
Potions
 g - a potion of curing {unknown}
 h - a potion of attraction {unknown}
 q - a potion of brilliance {unknown}
Miscellaneous
 e - a piece from Xom's chessboard (15/15)


   Skills:
 - Level 3.1 Fighting
 + Level 2.8 Axes
 - Level 2.1 Armour
 - Level 0.7 Dodging
 - Level 1.1 Stealth
 + Level 0.2 Shields
 + Level 4.9 Evocations


You had 5 spell levels left.
You didn't know any spells.
Your spell library contained the following spells:

 Spells                   Type           Power      Damage    Failure   Level
 Pain                     Necr           0%         1d4       91%         1
 Shock                    Conj/Air       0%         1d3       91%         1
 Gell's Gravitas          Tloc           0%         N/A       100%        3
 Lesser Beckoning         Tloc           0%         N/A       100%        3
 Swiftness                Air            0%         N/A       100%        3
 Teleport Other           Tloc           0%         N/A       100%        3
 Airstrike                Air            0%         N/A       100%        4
 Agony                    Necr           0%         N/A       100%        5
 Excruciating Wounds      Necr           0%         N/A       100%        5
 Dispersal                Tloc           0%         N/A       100%        6


Dungeon Overview and Level Annotations

Branches:
Dungeon (4/15)              Sewer (visited)
 Temple: D:4-7

Altars:

Annotations:
D:2 1 runed translucent door, Crazy Yiuf
D:3 Eustachio
D:4 Edmund


Innate Abilities, Weirdness & Mutations

You are immune to sickness and miasma.
Your stone body is resilient. (AC +4)
You are immune to poison.
You resist negative energy. (rN+)
You are resistant to electric shocks. (rElec)
You are resistant to unholy torment.
You are immune to petrification.


Message History

The shadow imp hits you. You block the quokka's attack.
You block the rat's attack. The bat closely misses you.
The shadow imp hits you but does no damage.
Eustachio hits you with a +0 rapier.
* * * LOW HITPOINT WARNING * * *
You block the quokka's attack.
You barely miss Eustachio.
Eustachio is severely wounded.
The bat hits you but does no damage.
The shadow imp hits you but does no damage.
Eustachio hits you with a +0 rapier.
* * * LOW HITPOINT WARNING * * *
The rat bites you but does no damage. You block the quokka's attack.
You block the bat's attack.
Eustachio calls on the powers of shadow!
Eustachio hits you with a +0 rapier.
* * * LOW HITPOINT WARNING * * *
Throw: 3 darts (poison)
Press: ? - help, Q - select action, (/) - cycle Shift-Dir - straight line, f - iron imp
Aim: an iron imp (summoned, 62% to hit)
You throw a poisoned dart.
The poisoned dart barely misses the iron imp.
The bat hits you but does no damage.
The quokka bites you but does no damage.
The rat barely misses you. The bat barely misses you.
The quokka bites you but does no damage.
Eustachio hits you but does no damage. The rat barely misses you.
You block the iron imp's attack.
Throw: 2 darts (poison)
Press: ? - help, Q - select action, (/) - cycle Shift-Dir - straight line, f - Eustachio, p - iron imp
Aim: Eustachio, wielding a +0 rapier and wearing a +0 leather armour (severely wounded, 41% to hit)
You throw a poisoned dart. The poisoned dart hits Eustachio.
Eustachio is poisoned.
Eustachio is severely wounded.
You block the bat's attack. The quokka bites you.
* * * LOW HITPOINT WARNING * * *
Eustachio gestures wildly while chanting.
Eustachio blinks!
The rat bites you but does no damage. The iron imp hits you.
You die...

##≈≈≈≈≈##........####............
##≈≈≈≈≈##≈#.###'#####............
..≈.......#..##.##..'<...........
....########'##.#####....†.......
....# #......# #............
##### #......# #............
#.(....# ############# #....r5# #
#...b5@############## #
#....rb§..##........# #
#@.....÷..##........# #
##########...................# #
#............................# #
#...........<........÷.......# #
#....................÷..)....# #
#...........###......÷.......#
##...........# #..............#


You could see Eustachio (poisoned), an iron imp (summoned), a shadow imp
(summoned), a quokka (summoned), 2 bats and a rat (summoned).

Vanquished Creatures
  2 bullfrogs (Sewer)
  8 adders
  A river rat (D:3)
  An adder skeleton (D:4)
  4 worms (D:3)
  A dart slug (D:2)
  2 orcs (D:3)
  10 bats
  10 endoplasms
  11 giant cockroaches
  4 hobgoblins
  7 jackals (D:3)
  2 kobolds
  4 quokkas (Sewer)
  12 ball pythons
  7 frilled lizards
  2 goblins (D:2)
  5 rats
93 creatures vanquished.

Notes
Turn   | Place    | Note
-------+----------+-------------------------------------------
     0 | D:1      | ragingrage the Gargoyle Artificer began the quest for the
                  | Orb.
     0 | D:1      | Reached XP level 1. HP: 12/12 MP: 1/1
   274 | D:1      | Reached skill level 3 in Evocations
   274 | D:1      | Reached XP level 2. HP: 17/17 MP: 2/2
   625 | D:1      | Found a faded altar of an unknown god.
  1246 | D:2      | Reached XP level 3. HP: 14/22 MP: 3/3
  1821 | D:2      | Reached XP level 4. HP: 3/28 MP: 4/4
  2304 | D:2      | Found a runed translucent door.
  2305 | D:2      | Noticed Crazy Yiuf
  2567 | D:3      | Found a glowing drain.
  2670 | Sewer    | Entered a sewer
  2758 | Sewer    | Reached skill level 1 in Axes
  2758 | Sewer    | Reached skill level 4 in Evocations
  2810 | Sewer    | Reached XP level 5. HP: 29/32 MP: 5/5
  3249 | Sewer    | Found the +2 shield of Resistance {rF++ rC++ Will++}
  3277 | Sewer    | Reached XP level 6. HP: 25/37 MP: 6/6
  4092 | D:4      | Noticed Edmund
  4129 | D:4      | Noticed Eustachio
  4282 | D:3      | Slain by an iron imp

Illustrated notes

Levels and vault maps discovered:
D:1:      sevenhm_arrival_forest_fort_small_5, layout_loops_ring,
          hellmonk_ecumenical_altar_crossroads, minmay_domino_4
D:2:      layout_rooms, uniq_crazy_yiuf_cottage
D:3:      layout_basic, cheibrodos_sewer_entry_sluice
D:4:      layout_loops_ring, columned_hall_lemuel, uniq_robin, uniq_edmund,
          uniq_eustachio

Skill      XL: |  1  2  3  4  5 |
---------------+----------------+-----
Evocations     | 3 4 |  4.9
Fighting       | 2 3 |  3.1
Axes           | 1 2 |  2.8
Armour         | |  2.1
Dodging        | |  0.7
Stealth        | |  1.1
Shields        | |  0.2

Action                   |  1- 3 |  4- 6 || total
-------------------------+-------+-------++-------
Melee: Club              |   124 |       ||   124
       Punch             |     7 |     2 ||     9
       Rapier            |    23 |    23 ||    46
       Falchion          |       |   247 ||   247
 Fire: Hunting sling     |    25 |       ||    25
Throw: Dart              |       |     2 ||     2
Evoke: Wand              |     4 |     1 ||     5
Armor: Leather armour    |    66 |       ||    66
       Ring mail         |    79 |   248 ||   327
Dodge: Dodged            |   172 |   196 ||   368
Block: Kite shield       |       |    92 ||    92

Table legend: (Time is in decaauts)
 A = Elapsed time spent in this place.
 B = Non-inter-level travel time spent in this place.
 C = Inter-level travel time spent in this place.
 D = Time resting spent in this place.
 E = Time spent auto-exploring this place.
 F = Levels seen in this place.
 G = Mean time per level.
                   A        B        C        D        E       F      G
               +--------+--------+--------+--------+--------+-----+--------+
         Total |   4506 |   4248 |    258 |    941 |   2201 |   5 |  901.2 |
       Dungeon |   3671 |   3413 |    258 |    719 |   1877 |   4 |  917.8 |
         Sewer |    834 |    834 |      0 |    222 |    323 |   1 |  834.0 |
               +--------+--------+--------+--------+--------+-----+--------+

Top non-repeatable levels by time:
     D:2: 1447 daAuts
     D:1: 1134 daAuts
     D:3: 1055 daAuts
   Sewer: 834 daAuts
     D:4: 34 daAuts
